Map: Abiogenesis LE

Players

ViViD - Winner!

  • Race: Protoss Protoss
  • League: Gold
  • Spawn Location: 5:00

A.I. 1 (Easy)

  • Race: Protoss Protoss
  • Spawn Location: 11:00

VOD

Have the link to the VOD?

Description

Quick DT build test

Time

  • Played on: April 23, 2018, 1:18 p.m.
  • Length: 6:25
Show
View Real Time Build Order
Export as new Build Order

ViViD Protoss - Winner!

Build Orders: Dark Templar Rush 

Get SALT Encoding   

  1  0:00  Probe  
  12  0:05  Probe  
  14  0:15  Probe  
  15  0:24  Pylon  
  15  0:42  Probe  
  16  0:44  Gateway  
  16  0:45  Assimilator  
  16  0:54  Probe  
  17  0:58  Assimilator  
  17  1:06  Gateway  
  17  1:08  Probe  
  18  1:20  Probe  
  19  1:32  Cybernetics Core  
  19  1:34  Probe  
  19  1:35  Pylon  
  20  1:46  Probe  
  21  1:58  Probe  
  21  2:00  Adept x2  
  21  2:15  Probe, Twilight Council  
  26  2:25  Stalker  
  26  2:26  Stalker  
  30  2:35  Warp Gate  
  30  2:46  Pylon  
  30  2:55  Probe  
  31  3:05  Dark Shrine  
  31  3:28  Nexus  
  27  3:52  Shield Battery  
  27  3:55  Forge  
  27  4:02  Probe  
  28  4:04  Pylon  
  28  4:15  Gateway  
  28  4:20  Gateway  
  28  4:39  Dark Templar  
  28  4:40  Dark Templar  
  32  4:57  Probe  
  32  4:58  Probe  
  33  5:09  Probe  
  33  5:10  Probe  
  35  5:15  Stalker  
  35  5:16  Stalker  
  39  5:21  Probe  
  39  5:22  Probe, Sentry  
  39  5:24  Sentry  
  45  5:42  Dark Templar  
  47  5:48  Assimilator, Probe x2  
  49  5:50  Assimilator  
  49  6:00  Probe  
  50  6:10  Probe  
  51  6:12  Probe  
Show
View Real Time Build Order
Export as new Build Order

A.I. 1 (Easy) Protoss 

Build Orders:  

Get SALT Encoding   

  12  0:00  Probe  
  13  0:13  Probe  
  14  0:19  Pylon  
  14  0:25  Probe  
  15  0:33  Probe  
  15  0:40  Gateway  
  16  0:45  Assimilator  
  16  0:52  Pylon  
  16  1:16  Assimilator  
  16  1:24  Zealot  
  16  1:28  Cybernetics Core  
  18  1:47  Probe  
  19  1:59  Probe  
  19  2:00  Pylon  
  19  2:05  Adept  
  19  2:08  Warp Gate, Probe  
  23  2:18  Probe  
  24  2:31  Probe  
  24  2:32  Stalker  
  27  2:43  Probe  
  28  2:54  Adept  
  30  5:01  Probe  
  27  5:09  Probe  
  20  5:17  Probe  
  20  5:22  Stalker  
  20  5:25  Robotics Facility, Probe  
  16  5:30  Pylon  
  15  5:37  Probe  
  14  5:45  Zealot  
  14  5:49  Robotics Facility  
  17  5:50  Probe  
  17  6:02  Probe  
  14  6:05  Zealot  
  14  6:10  Probe  
Tags
 
League
Gold
Matchup
PvP
Spawn Locations
Cross Positions
Add a new tag
Caveats
  • Supply blocks, unpowered buildings, or Contaminate may cause inaccurate times.
  • Supply counts are checked every 10 seconds.